 Dungeon Crawl Stone Soup version 0.30-b1-2-g02819fbbbe (webtiles) character file.

Game seed: 14179989778379628447

437 ketsa the Gusty (level 6, -1/32 HPs)
             Began as a Deep Elf Air Elementalist on May 16, 2023.
             Slain by a hound (3 damage)
             ... on level 4 of the Dungeon.
             The game lasted 00:12:58 (4464 turns).

ketsa the Gusty (Deep Elf Air Elementalist)         Turns: 4464, Time: 00:12:59

Health: -1/32      AC:  3    Str:  5    XL:     6   Next: 69%
Magic:  3/14       EV: 12    Int: 22    God:
Gold:   223        SH:  0    Dex: 15    Spells: 10/13 levels left

rFire   . . .        g - +0 short sword
rCold   . . .        (no shield)
rNeg    . . .        a - +0 robe
rPois   .            (no helmet)
rElec   .            v - +0 cloak
rCorr   .            (no gloves)
SInv    .            (no boots)
Will    .....        (no amulet)
Stlth   ++           (no ring)
HPRegen 0.25/turn    (no ring)
MPRegen 0.14/turn

%: no passive effects
@: invisible
A: no striking features
a: no special abilities


You were on level 4 of the Dungeon.
You visited 1 branch of the dungeon, and saw 5 of its levels.

You collected 223 gold pieces.

Inventory:

Hand Weapons
 g - a +0 short sword (weapon)
Missiles
 o - 4 poisoned darts
 x - 10 stones
Armour
 a - a +0 robe (worn)
 v - a +0 cloak (worn)
Scrolls
 c - 2 scrolls of poison {unknown}
 e - 2 scrolls of amnesia {unknown}
 i - a scroll of vulnerability {unknown}
 j - 2 scrolls of teleportation {unknown}
 n - a scroll of acquirement {unknown}
 q - 2 scrolls of fear {unknown}
 r - a scroll of blinking {unknown}
 s - a scroll of noise {unknown}
 u - 3 scrolls of magic mapping {unknown}
 w - 2 scrolls of enchant armour {unknown}
Potions
 b - 2 potions of magic
 f - a potion of degeneration {unknown}
 k - 2 potions of mutation
 l - a potion of berserk rage {unknown}
 m - a potion of might {unknown}
 p - a potion of curing {unknown}
 t - a potion of resistance {unknown}


   Skills:
 - Level 2.4 Dodging
 - Level 2.4 Stealth
 - Level 4.0 Spellcasting
 + Level 5.1 Conjurations
 + Level 5.6 Air Magic


You had 10 spell levels left.
You knew the following spells:

 Your Spells              Type           Power      Damage    Failure   Level
a - Shock                 Conj/Air       100%       1d9       1%          1
b - Static Discharge      Conj/Air       56%        2-5/arc   1%          2

Your spell library contained the following spells:

 Spells                   Type           Power      Damage    Failure   Level
 Swiftness                Air            29%        N/A       3%          3
 Summon Small Mammal      Summ           16%        N/A       11%         1
 Airstrike                Air            14%        2d(3-19)  11%         4
 Scorch                   Fire           8%         2d5       17%         2
 Call Canine Familiar     Summ           4%         N/A       32%         3
 Summon Guardian Golem    Hex/Summ       4%         N/A       32%         3
 Petrify                  Tmut/Erth      4%         N/A       73%         4
 Starburst                Conj/Fire      7%         6d4       99%         6
 Lehudib's Crystal Spear  Conj/Erth      7%         10d3      100%        8


Dungeon Overview and Level Annotations

Branches:
Dungeon (5/15) Zot: 25532
 Temple: D:4-7

Altars:

Shops:
D:4 [

Annotations:
D:3 exclusions: downstairs and 1 more exclusion


Message History

The zap hits the hound.
The hound is lightly wounded.
The hound bites you.
* * * LOW HITPOINT WARNING * * *
The hound bites you but does no damage.
Casting: Shock (safe; 1% risk of failure)
Confirm with . or Enter, or press ? or * to list all spells.
Aiming: Shock (safe; 1% risk of failure)
Press: ? - help, Shift-Dir - straight line, f/p - hound
Aim: a hound (lightly wounded, 64% to hit)
The zap hits the hound.
The hound is moderately wounded.
The hound bites you but does no damage.
You aren't carrying any items that you can evoke.
Okay, then.
Casting: Shock (safe; 1% risk of failure)
Confirm with . or Enter, or press ? or * to list all spells.
Aiming: Shock (safe; 1% risk of failure)
Press: ? - help, Shift-Dir - straight line, f/p - hound
Aim: a hound (moderately wounded, 64% to hit)
The zap hits the hound.
The hound is heavily wounded.
The hound bites you but does no damage. x2
Casting: Shock (safe; 1% risk of failure)
Confirm with . or Enter, or press ? or * to list all spells.
Aiming: Shock (safe; 1% risk of failure)
Press: ? - help, Shift-Dir - straight line, f/p - hound
Aim: a hound (heavily wounded, 64% to hit)
The zap hits the hound.
The hound is heavily wounded.
The hound closely misses you.
Casting: Shock (safe; 1% risk of failure)
Confirm with . or Enter, or press ? or * to list all spells.
Aiming: Shock (safe; 1% risk of failure)
Press: ? - help, Shift-Dir - straight line, f/p - hound
Aim: a hound (heavily wounded, 64% to hit)
The zap hits the hound.
The hound is almost dead.
The hound barely misses you. The hound bites you.
You die...

....####....# #......#
...)'..#.#..##### #......#
....##.#........# ##......
....##.########.##### ####......
#####...............####.........
# #..#########.##....'......... #
#..# #....####...###### #####..#
#h.#.# ##### .......# #@##.#
#####.## #.##.# # #.# #.##.# #
#.# #....# # #.# ###### # #.# #
#.# #####.# ......#


You could see a hound.

Vanquished Creatures
  Edmund (D:5)
  An ogre (D:4)
  A howler monkey (D:4)
  2 hounds
  An orc wizard (D:4)
  3 adders
  A worm (D:4)
  7 dart slugs
  2 orcs (D:4)
  8 ball pythons
  5 bats
  8 endoplasms
  5 giant cockroaches
  8 goblins
  5 hobgoblins
  4 jackals (D:1)
  8 kobolds
  3 quokkas
  4 frilled lizards
  A rat (D:1)
78 creatures vanquished.

Vanquished Creatures (others)
  3 plants (D:1)
3 creatures vanquished.

Grand Total: 81 creatures vanquished

Notes
Turn   | Place    | Note
-------+----------+-------------------------------------------
     0 | D:1      | ketsa the Deep Elf Air Elementalist began the quest for the
                  | Orb.
     0 | D:1      | Reached XP level 1. HP: 10/10 MP: 6/6
   408 | D:1      | Reached XP level 2. HP: 15/15 MP: 6/8
   455 | D:1      | Learned a level 2 spell: Static Discharge
  1281 | D:1      | Reached XP level 3. HP: 19/19 MP: 8/10
  2678 | D:3      | Reached XP level 4. HP: 11/24 MP: 0/12
  3176 | D:4      | Noticed an ogre
  3273 | D:4      | Found Ureatre's Armour Emporium.
  3382 | D:4      | Got Urphugip's Compilation of Indurated Ashes
  3400 | D:4      | Reached XP level 5. HP: 23/28 MP: 7/13
  4247 | D:4      | Killed an ogre
  4248 | D:4      | Reached skill level 5 in Air Magic
  4248 | D:4      | Reached XP level 6. HP: 32/32 MP: 7/14
  4441 | D:5      | Entered Level 5 of the Dungeon
  4441 | D:5      | Noticed Edmund
  4454 | D:5      | Killed Edmund
  4455 | D:5      | Reached skill level 5 in Conjurations
  4460 | D:4      | HP: 1/32 [hound (2)]
  4464 | D:4      | Slain by a hound

Illustrated notes

Levels and vault maps discovered:
D:1:      saegor_arrival_simple_c, layout_loops_corners, serial_bayou_pond_b,
          minmay_pentomino_z2
D:2:      layout_rooms, hangedman_decor_points
D:3:      layout_basic
D:4:      minmay_evil_eye, layout_basic, serial_shops, shop
D:5:      layout_basic, uniq_edmund

Skill      XL: |  1  2  3  4  5  6 |
---------------+-------------------+-----
Conjurations   | 2 3 4 5 |  5.1
Spellcasting   | 4 |  4.0
Air Magic      | 4 5 |  5.6
Dodging        | |  2.4
Stealth        | |  2.4

Action                     |  1- 3 |  4- 6 || total
---------------------------+-------+-------++-------
  Melee: Unarmed           |     2 |       ||     2
         Short sword       |     2 |       ||     2
   Cast: Shock             |   101 |    71 ||   172
         Static Discharge  |     4 |     1 ||     5
    Use: Scroll            |       |     3 ||     3
         Potion            |       |     3 ||     3
 Armour: Robe              |     3 |     7 ||    10
  Dodge: Dodged            |    13 |    13 ||    26
